 Dungeon Crawl Stone Soup version 0.28.0-1-gb440e238dd (webtiles) character file.

Game seed: 327934880699433738

17 cbfl8 the Sneak (level 2, -3/27 HPs)
             Began as a Minotaur Delver on Feb 27, 2022.
             Slain by a sky beast (6 damage)
             ... on level 6 of the Dungeon.
             The game lasted 00:00:40 (427 turns).

cbfl8 the Sneak (Minotaur Delver)                    Turns: 427, Time: 00:00:42

Health: -3/27      AC:  3    Str: 16    XL:     2   Next: 44%
Magic:  1/1        EV: 12    Int:  7    God:
Gold:   7          SH:  0    Dex: 11    Spells: 1/1 levels left

rFire   . . .      SeeInvis .   a - +0 hand axe
rCold   . . .      Faith    .   (no shield)
rNeg    . . .      Spirit   .   b - +0 leather armour
rPois   .          Reflect  .   (helmet restricted)
rElec   .          Harm     .   (no cloak)
rCorr   .          Rampage  .   (no gloves)
Will    .....                   (no boots)
Stlth   ++........              (no amulet)
HPRegen 0.09/turn               (no ring)
MPRegen 0.07/turn               (no ring)

@: lethally poisoned (-3 -> -11)
A: horns 2, retaliatory headbutt
a: no special abilities


You were on level 6 of the Dungeon.
You visited 1 branch of the dungeon, and saw 2 of its levels.

You collected 7 gold pieces.

Inventory:

Hand Weapons
 a - a +0 hand axe (weapon)
Armour
 b - a +0 leather armour (worn)
Wands
 g - a wand of digging (3)
Scrolls
 c - a scroll of fog
 d - a scroll of magic mapping
 e - a scroll of fear
 i - a scroll of silence {unknown}
Potions
 h - 2 potions of brilliance {unknown}


   Skills:
 + Level 3.8 Fighting
 + Level 2.6 Axes
 + Level 2.3 Dodging
 + Level 4.4 Stealth


You had one spell level left.
You didn't know any spells.
Your spell library was empty.

Dungeon Overview and Level Annotations

Branches:
Dungeon (6/15)
 Temple: D:4-7

Altars:

Annotations:
D:5 Edmund, Grinder


Innate Abilities, Weirdness & Mutations

You have a pair of horns on your head.
You reflexively headbutt those who attack you in melee.


Message History

Deactivating autopickup; reactivate with Ctrl-A.
Edmund the Younger comes into view.
He is wielding a +2 dire flail of draining.
Found a dagger.
Edmund shouts!
A sky beast appears from thin air!
Reactivating autopickup.
Edmund mutters, "Who needs spells, anyway?"
The sky beast flickers out of sight!
Deactivating autopickup; reactivate with Ctrl-A.
An iguana comes into view.
The iguana hisses angrily.
A sky beast appears from thin air!
Reactivating autopickup.
The sky beast flickers out of sight!
Deactivating autopickup; reactivate with Ctrl-A.
There is a stone staircase leading down here.
Your extra speed is starting to run out.
You climb downwards.
Reactivating autopickup.
Found 13 gold pieces.
Found an escape hatch in the ceiling.
There is a stone staircase leading up here.
A scorpion comes into view.
Found a leather armour.
The sky beast flickers out of sight!
Deactivating autopickup; reactivate with Ctrl-A.
You feel yourself slow down.
A sky beast appears from thin air!
Reactivating autopickup.
The sky beast hits you. The sky beast shocks you. The scorpion stings you.
The sky beast hits you but does no damage.
The scorpion closely misses you.
There is an escape hatch in the ceiling here.
The scorpion barely misses you. The scorpion stings you!
* * * LOW HITPOINT WARNING * * *
You are lethally poisoned!
The scorpion poisons you! The sky beast hits you.
* * * LOW HITPOINT WARNING * * *
The sky beast shocks you.
You die...

## .. ##.# .#
..# .#
###.####.#
##...#.Y@.#
##......s..##
#..J........#
#..........[#
#.<.........#
#...........#
#.#.....$.#.#
...###.##..#.#
...##
..###....


You could see a sky beast, a scorpion and a jelly (asleep).

Vanquished Creatures
  An adder (D:5)
  4 orcs (D:5)
5 creatures vanquished.

Notes
Turn   | Place    | Note
-------+----------+-------------------------------------------
     0 | D:5      | cbfl8 the Minotaur Delver began the quest for the Orb.
     0 | D:5      | Reached XP level 1. HP: 19/19 MP: 0/0
    17 | D:5      | Reached XP level 2. HP: 21/27 MP: 1/1
   373 | D:5      | Noticed Grinder
   373 | D:5      | Noticed an ice beast
   375 | D:5      | Noticed a scorpion
   379 | D:5      | Noticed a sky beast
   402 | D:5      | Noticed Edmund
   415 | D:6      | Noticed a sky beast
   416 | D:6      | Noticed a scorpion
   427 | D:6      | Slain by a sky beast

Illustrated notes

Levels and vault maps discovered:
D:5:      layout_basic, mainiacjoe_overflow_paths, temple_statues, uniq_edmund,
          uniq_grinder, uniq_pikel, uniq_ijyb
D:6:      layout_rooms, minmay_misc_feat_doors, nicolae_shop_clearance

Action                   || total
-------------------------++-------
Melee: Hand axe          ||     8
       Headbutt          ||     1
  Use: Potion            ||     1
Armor: Leather armour    ||     7
Dodge: Dodged            ||     5
